Map: Dusk Towers

Players

Pokebunny - Winner!

  • Race: Terran Terran
  • League: Grandmaster

Patco

  • Race: Protoss Protoss
  • League: Grandmaster

VOD

Have the link to the VOD?

Description

Time

  • Played on: April 7, 2016, 2:58 p.m.
  • Length: 22:06
Show
View Real Time Build Order
Export as new Build Order

Pokebunny Terran - Winner!

Build Orders: Reaper Expand, MMM Bio 

Get SALT Encoding   

  12  0:00  SCV  
  13  0:12  SCV  
  14  0:21  Supply Depot  
  14  0:25  SCV  
  16  0:42  SCV  
  16  0:43  Barracks  
  16  0:44  Refinery  
  16  0:55  SCV  
  17  1:07  SCV  
  18  1:19  SCV  
  19  1:30  Reaper  
  19  1:31  Orbital Command  
  20  1:47  Command Center  
  20  1:54  Supply Depot  
  20  1:56  SCV  
  21  2:03  Marine  
  22  2:10  Factory  
  22  2:12  SCV  
  23  2:20  Refinery  
  23  2:24  SCV  
  23  2:27  Marine  
  25  2:36  SCV  
  26  2:45  Marine  
  26  2:50  Engineering Bay  
  27  2:54  Hellion  
  27  2:55  Starport  
  29  3:03  Orbital Command  
  29  3:08  Barracks Reactor  
  29  3:09  SCV  
  29  3:15  Widow Mine  
  31  3:21  SCV  
  32  3:31  Missile Turret  
  32  3:33  SCV  
  33  3:36  Medivac  
  33  3:41  SCV  
  36  3:42  Barracks  
  36  3:45  Marine  
  36  3:46  Marine  
  38  3:49  Factory Tech Lab  
  38  3:59  Barracks  
  38  4:01  SCV x2  
  40  4:03  Supply Depot  
  40  4:12  Siege Tank  
  43  4:30  Barracks Tech Lab, Marine x2  
  43  4:36  SCV x2  
  45  4:38  Refinery  
  45  4:40  Medivac  
  45  4:44  Siege Tank  
  50  4:56  Combat Shields  
  50  4:57  Marine x2  
  53  5:06  Barracks Reactor, Marine  
  48  5:07  SCV x2  
  48  5:12  Supply Depot  
  48  5:14  Marine x2  
  48  5:15  Supply Depot  
  48  5:20  Siege Tank  
  53  5:22  Command Center  
  53  5:24  Marine  
  53  5:28  Missile Turret  
  54  5:38  Marine x2, Missile Turret  
  54  5:39  SCV x2  
  54  5:42  Marine  
  59  5:44  Marine  
  59  5:45  Marine  
  59  5:46  Medivac  
  59  6:03  SCV x2  
  60  6:06  Marine  
  60  6:07  Marine x4  
  65  6:13  Siege Tank  
  68  6:24  Marine  
  69  6:31  Marine  
  70  6:33  Marine x2  
  70  6:39  Orbital Command  
  72  6:40  Terran Infantry Weapons Level 1  
  72  6:43  Stimpack  
  72  6:51  SCV x2  
  74  6:55  Siege Tank  
  74  6:57  Starport Reactor  
  74  6:59  Marine  
  74  7:00  Marine  
  79  7:03  Marine  
  80  7:09  Marine x2  
  82  7:17  Marine  
  83  7:29  Siege Tank, Missile Turret  
  81  7:58  Marine  
  81  7:59  Marine, Marauder  
  81  8:00  Marine  
  85  8:09  Marine  
  84  8:16  Marine  
  85  8:21  Marine, Marauder  
  85  8:22  Supply Depot  
  85  8:23  Supply Depot  
  85  8:24  Barracks x2  
  85  8:25  Siege Tank  
  64  8:34  SCV x2  
  64  8:37  Orbital Command  
  65  8:44  Marine  
  65  8:45  Marine x3, Marauder  
  65  8:46  SCV  
  65  8:47  SCV  
  65  8:48  Terran Infantry Armor Level 1  
  71  8:58  Viking, Medivac  
  71  9:00  SCV  
  71  9:02  SCV  
  77  9:15  Marine  
  77  9:16  Marine x2  
  77  9:17  Missile Turret  
  80  9:20  Barracks Tech Lab  
  80  9:21  Barracks Tech Lab  
  80  9:23  SCV  
  81  9:28  Marine x2  
  83  9:33  Marine  
  83  9:34  Marine  
  84  9:46  Marauder  
  81  10:05  Marine x4  
  81  10:06  Marauder x2  
  82  10:07  Marine  
  82  10:14  SCV x3  
  74  10:27  Marine x3  
  74  10:28  Marine x2, Marauder x2, SCV  
  66  10:29  SCV x2  
  66  10:33  Medivac x2  
  72  10:46  Starport, Marine x2  
  72  10:47  Marine x2  
  76  10:50  SCV x3  
  79  11:02  SCV x2  
  79  11:03  SCV  
  81  11:05  Viking x2  
  81  11:06  Marine x3  
  81  11:09  Marine x2  
  91  11:13  Marauder x2  
  91  11:18  SCV x3  
  97  11:26  Viking  
  92  11:56  Viking x2  
  92  11:57  Viking  
  92  11:58  SCV x3  
  101  12:04  Supply Depot  
  101  12:05  Supply Depot  
  101  12:11  Refinery  
  101  12:14  Supply Depot  
  101  12:25  Marine x2  
  101  12:26  Marine x2, SCV x3, Marauder x2  
  101  12:27  Marauder  
  108  12:38  Viking x3  
  108  12:41  SCV x3  
  108  12:43  Ghost Academy, Marine x2  
  119  12:45  Refinery  
  119  12:47  Refinery, Marauder x2  
  123  13:00  Command Center  
  123  13:05  Marine x2  
  125  13:08  Armory  
  125  13:27  Supply Depot x2, Marine  
  125  13:28  Supply Depot  
  125  13:31  Concussive Shells  
  125  13:49  Viking x2, Marine x4, Medivac, Marauder x3  
  125  13:51  Supply Depot  
  125  13:53  Supply Depot  
  141  13:59  Supply Depot  
  141  14:02  Siege Tank  
  144  14:06  Marine  
  122  14:19  Marine x3, Marauder x2  
  122  14:20  Marauder  
  106  14:30  Marine  
  93  14:37  Marine  
  84  14:41  Marauder x2  
  84  14:43  Command Center, Medivac x2  
  84  14:44  Medivac  
  84  14:45  Marine x2  
  94  14:46  Marauder  
  94  14:49  SCV x2  
  94  14:50  SCV  
  101  14:53  Barracks  
  101  15:01  SCV x2  
  101  15:02  SCV  
  104  15:08  Marine  
  104  15:09  Marine x3  
  108  15:14  Missile Turret  
  100  15:28  Ghost x2, Marine x2  
  101  15:29  Marine x2, Marauder  
  108  15:45  Barracks  
  108  15:48  SCV x2  
  108  15:49  SCV  
  111  15:50  Marine x4  
  111  15:53  Ghost  
  111  15:54  Terran Infantry Weapons Level 2  
  117  16:00  Orbital Command  
  117  16:03  SCV x3  
  120  16:11  Starport Reactor  
  120  16:17  Viking x2  
  124  16:19  Marine x2  
  124  16:20  Marine  
  124  16:21  Marine  
  124  16:24  SCV  
  124  16:25  SCV x2  
  129  16:44  Ghost, Marine x2, Marauder  
  129  16:45  Marauder x2  
  129  16:47  Viking x2  
  132  16:57  Viking x2  
  132  16:58  SCV x3  
  138  17:03  Refinery, Barracks Reactor, Marine  
  138  17:04  Marine x3  
  138  17:06  Marauder  
  144  17:09  Marauder x2  
  148  17:19  Viking x2  
  152  17:27  Supply Depot x2  
  152  17:29  Terran Ship Weapons Level 1, Engineering Bay  
  151  17:45  Ghost, Marine x2  
  151  17:46  Marine x4, Marauder x2  
  151  17:47  Command Center, Marauder  
  151  17:48  Viking x2  
  169  17:54  Missile Turret  
  169  18:01  Viking x2  
  170  18:18  Marine x3, Marauder x2  
  170  18:19  Marine x3, Marauder  
  126  18:38  Viking x4  
  126  18:39  Marine  
  126  18:40  Marine x9  
  144  18:49  Missile Turret  
  144  18:54  SCV x2  
  144  18:55  SCV x2  
  148  18:57  Terran Infantry Weapons Level 3  
  148  19:00  Terran Infantry Armor Level 2  
  148  19:09  Medivac x2  
  152  19:21  Marine x7  
  152  19:22  Marine  
  160  19:25  Ghost  
  160  19:27  Ghost  
  164  19:32  Planetary Fortress  
  161  19:51  Ghost  
  161  19:52  Marine x2, Marauder  
  166  19:53  Marine x4  
  166  19:54  Marine  
  166  19:55  Viking  
  166  19:58  Viking  
  176  20:00  Viking  
  176  20:04  Viking  
  180  20:10  Ghost, Marine x2  
  172  20:23  Ghost  
  172  20:24  Marine x4, Marauder  
  172  20:25  Marine  
  172  20:28  Refinery, Marine x2  
  168  20:36  Medivac x2  
  168  20:39  Viking x2  
  176  20:49  Marine x4  
  179  20:50  Ghost, Marine  
  179  20:51  Marauder x2  
  187  21:10  Command Center  
  187  21:15  Viking x3  
  187  21:16  Medivac  
  195  21:22  Orbital Command  
  195  21:32  Marine, Marauder  
  200  21:33  Marauder  
Show
View Real Time Build Order
Export as new Build Order

Patco Protoss 

Build Orders: 1 Gate Expand 

Get SALT Encoding   

  12  0:01  Probe (Chrono Boost)  
  13  0:11  Probe (Chrono Boost)  
  14  0:17  Pylon  
  14  0:22  Probe (Chrono Boost)  
  15  0:36  Gateway, Probe (Chrono Boost)  
  15  0:41  Assimilator  
  16  0:46  Probe (Chrono Boost)  
  18  0:57  Probe (Chrono Boost)  
  18  1:07  Probe (Chrono Boost)  
  19  1:21  Nexus  
  19  1:24  Probe (Chrono Boost)  
  20  1:34  Probe (Chrono Boost)  
  20  1:38  Cybernetics Core  
  21  1:44  Assimilator  
  21  1:47  Probe (Chrono Boost)  
  22  1:55  Pylon  
  22  1:59  Probe (Chrono Boost)  
  23  2:15  Stalker  
  26  2:19  Mothership Core (Chrono Boost)  
  27  2:25  Warp Gate  
  27  2:35  Probe (Chrono Boost)  
  28  2:37  Probe (Chrono Boost)  
  28  2:45  Stalker, Probe (Chrono Boost)  
  28  2:47  Probe (Chrono Boost)  
  31  2:56  Probe (Chrono Boost)  
  32  3:00  Probe (Chrono Boost)  
  33  3:06  Probe (Chrono Boost), Robotics Facility  
  33  3:11  Probe (Chrono Boost)  
  35  3:17  Probe (Chrono Boost)  
  36  3:22  Probe (Chrono Boost)  
  36  3:23  Pylon  
  36  3:26  Twilight Council  
  37  3:28  Probe (Chrono Boost)  
  37  3:32  Probe (Chrono Boost)  
  39  3:36  Stalker  
  39  3:39  Probe (Chrono Boost)  
  42  3:41  Assimilator  
  42  3:44  Probe (Chrono Boost)  
  43  3:49  Probe (Chrono Boost)  
  43  3:55  Warp Prism, Probe (Chrono Boost)  
  47  4:05  Probe (Chrono Boost)  
  47  4:09  Dark Shrine  
  48  4:11  Pylon  
  48  4:15  Probe (Chrono Boost), Blink  
  49  4:25  Probe (Chrono Boost)  
  49  4:26  Probe (Chrono Boost)  
  50  4:39  Mothership Core (Chrono Boost)  
  50  4:43  Assimilator  
  50  4:44  Gateway x2  
  50  4:45  Observer  
  51  4:46  Stalker  
  51  5:08  Probe x2 (Chrono Boost)  
  53  5:19  Probe x2 (Chrono Boost)  
  55  5:23  Dark Templar  
  57  5:29  Probe (Chrono Boost)  
  57  5:30  Probe (Chrono Boost)  
  57  5:34  Nexus  
  57  5:35  Pylon  
  59  5:40  Probe x2 (Chrono Boost)  
  61  5:50  Probe (Chrono Boost)  
  61  5:53  Probe (Chrono Boost)  
  63  6:01  Probe (Chrono Boost)  
  63  6:03  Probe (Chrono Boost)  
  63  6:04  Stalker x2, Pylon  
  67  6:09  Pylon  
  67  6:10  Observer  
  70  6:12  Pylon  
  70  6:22  Probe (Chrono Boost)  
  71  6:31  Observer  
  72  6:34  Stargate  
  72  6:36  Adept  
  72  6:37  Adept x2, Stargate  
  78  6:48  Pylon  
  78  6:50  Pylon  
  78  6:51  Pylon, Probe x3 (Chrono Boost)  
  78  6:52  Immortal  
  85  6:54  Pylon  
  85  7:02  Zealot x2, Dark Templar, Probe x2 (Chrono Boost)  
  91  7:25  Fleet Beacon  
  91  7:26  Dark Templar  
  91  7:41  Immortal  
  91  7:42  Dark Templar x2  
  95  8:00  Gateway  
  95  8:02  Pylon  
  95  8:04  Pylon  
  93  8:06  Dark Templar  
  93  8:24  Probe x2 (Chrono Boost)  
  84  8:35  Probe x2 (Chrono Boost)  
  84  8:39  Tempest  
  84  8:40  Tempest  
  94  8:45  Probe x2 (Chrono Boost)  
  96  8:51  Nexus  
  96  8:53  Pylon  
  94  8:56  Pylon, Probe x2 (Chrono Boost)  
  96  9:03  Zealot x2, Dark Templar  
  96  9:06  Probe (Chrono Boost)  
  103  9:13  Pylon  
  103  9:15  Pylon  
  103  9:16  Archon, Pylon  
  103  9:23  Tempest  
  107  9:28  Dark Templar  
  107  9:31  Dark Templar  
  84  10:16  Probe x2 (Chrono Boost)  
  86  10:27  Probe x2 (Chrono Boost)  
  88  10:30  Tempest x2  
  88  10:35  Nexus  
  96  10:41  Dark Templar x3  
  102  10:46  Assimilator  
  102  10:51  Assimilator  
  102  10:52  Forge  
  102  10:55  Pylon  
  102  10:57  Pylon  
  102  10:58  Pylon  
  102  11:03  Probe x2 (Chrono Boost)  
  104  11:13  Probe (Chrono Boost)  
  104  11:16  Stalker x2, Dark Templar x2  
  113  11:19  Archon  
  97  11:48  Dark Templar x2  
  97  11:49  Zealot, Dark Templar  
  97  11:53  Archon  
  100  12:00  Probe x3 (Chrono Boost)  
  101  12:08  Tempest  
  101  12:10  Probe x2 (Chrono Boost)  
  101  12:13  Photon Cannon  
  101  12:15  Photon Cannon  
  107  12:16  Dark Templar  
  109  12:29  Zealot x3  
  113  12:43  Tempest  
  117  12:46  Templar Archives  
  117  12:51  Photon Cannon  
  117  12:53  Photon Cannon  
  117  12:58  Dark Templar  
  119  13:23  High Templar x3  
  125  13:30  Photon Cannon  
  125  13:33  Photon Cannon  
  125  13:36  Dark Templar  
  124  13:42  Tempest  
  128  13:51  Photon Cannon  
  128  13:54  Photon Cannon  
  128  13:56  Adept  
  128  13:57  Adept x2, Pylon  
  128  14:01  Tempest  
  119  14:17  Archon  
  119  14:18  Zealot x4  
  107  14:33  Templar Archives  
  107  14:43  Tempest  
  109  14:47  Nexus  
  109  14:57  Pylon, Psionic Storm  
  109  15:01  Dark Templar  
  111  15:10  High Templar x3  
  116  15:34  Pylon  
  116  15:38  Pylon  
  116  15:39  Protoss Ground Weapons Level 1 (Chrono Boost)  
  116  15:45  Tempest  
  116  15:46  Resonating Glaives (Chrono Boost)  
  116  15:48  Adept x4  
  128  15:59  Assimilator  
  128  16:04  Assimilator  
  128  16:06  Tempest  
  128  16:10  Adept  
  134  16:14  Adept  
  136  16:20  Adept  
  136  16:21  Protoss Air Weapons Level 1 (Chrono Boost)  
  136  16:22  Adept  
  132  16:49  Assimilator, Probe  
  132  16:50  Probe  
  134  16:59  Probe  
  134  17:00  Probe x2  
  137  17:02  Probe  
  137  17:07  Nexus  
  138  17:11  Observer  
  138  17:13  Adept x3  
  145  17:25  Pylon  
  145  17:29  Pylon  
  145  17:32  Observer  
  146  17:37  Dark Templar x2  
  146  17:38  Stalker x2  
  154  17:46  Archon  
  154  17:48  Tempest  
  154  18:16  Archon  
  114  18:20  Zealot x4  
  101  18:31  Probe  
  101  18:33  Probe  
  95  18:37  Tempest x2  
  103  18:46  High Templar x3  
  103  18:47  Zealot  
  111  18:53  Probe  
  111  18:54  Gateway  
  111  18:55  Probe x2  
  113  18:57  Assimilator, Probe, Gateway  
  113  19:01  Assimilator  
  115  19:09  Dark Templar  
  117  19:16  Pylon  
  117  19:19  Immortal  
  117  19:20  Adept x3  
  127  19:24  Protoss Ground Armor Level 1 (Chrono Boost)  
  127  19:36  Pylon  
  125  19:59  Pylon  
  125  20:01  Carrier x2  
  125  20:04  Zealot x3, High Templar  
  125  20:05  Zealot x2  
  149  20:27  Zealot x3, Dark Templar x2  
  159  20:44  Adept  
  161  20:51  High Templar x2  
  165  21:06  Nexus, Warp Prism  
  167  21:15  Zealot x2  
  167  21:16  Zealot x2  
  175  21:19  Probe x2  
  175  21:21  Probe  
  158  21:58  Archon  
Tags
 
Add a new tag
Caveats
  • Supply blocks, unpowered buildings, or Contaminate may cause inaccurate times.
  • Supply counts are checked every 10 seconds.